 Dungeon Crawl Stone Soup version 0.29.1-13-g9f3cf754e1 (webtiles) character file.

Game seed: 4997430459178830873

2388 theswoord the Cruncher (level 9, -16/61 HPs)
             Began as a Demonspawn Gladiator on Jan 23, 2023.
             Was a Priest of Okawaru.
             Demolished by a two-headed ogre
             ... wielding a +0 giant spiked club
              (20 damage)
             ... on level 8 of the Dungeon.
             The game lasted 00:12:56 (7919 turns).

theswoord the Cruncher (Demonspawn Gladiator)       Turns: 7919, Time: 00:12:56

Health: -16/61     AC: 15    Str: 17    XL:     9   Next: 22%
Magic:  11/11      EV: 12    Int: 10    God:    Okawaru [***...]
Gold:   489        SH:  0    Dex: 18    Spells: 8/8 levels left

rFire   . . .      SeeInvis .   a - +1 quarterstaff (elec)
rCold   + . .      Faith    .   (shield currently unavailable)
rNeg    . . .      Spirit   .   m - +1 acid dragon scales
rPois   +          Reflect  .   c - +0 helmet
rElec   .          Harm     .   v - +0 cloak
rCorr   +          Rampage  .   x - +0 pair of gloves
Will    .....                   C - +0 pair of boots
Stlth   +.........              (no amulet)
HPRegen 0.20/turn               q - ring of protection from cold
MPRegen 0.12/turn               (no ring)

@: no status effects
A: slimy green scales 3, talons 1, agile 1, screaming 1
a: Renounce Religion, Heroism


You were on level 8 of the Dungeon.
You worshipped Okawaru.
Okawaru was most pleased with you.
You visited 1 branch of the dungeon, and saw 8 of its levels.

You collected 489 gold pieces.

Inventory:

Hand Weapons
 a - a +1 quarterstaff of electrocution (weapon)
Missiles
 k - 2 javelins (quivered)
Armour
 b - a +0 leather armour
 c - a +0 helmet (worn)
 e - a +0 plate armour
 h - a +0 helmet
 m - +1 acid dragon scales (worn)
 o - a +0 ring mail of cold resistance
 v - a +0 cloak (worn)
 x - a +0 pair of gloves (worn)
 y - a +0 pair of gloves
 C - a +0 pair of boots (worn)
Jewellery
 q - a ring of protection from cold (left hand)
Wands
 r - a wand of roots (13)
 z - a wand of mindburst (16)
Scrolls
 g - 3 scrolls of identify
 l - 3 scrolls of magic mapping
 p - 2 scrolls of teleportation
 t - 2 scrolls of vulnerability
 w - 2 scrolls of amnesia
 A - a scroll of poison
 D - a scroll of enchant weapon
 E - 2 scrolls of immolation {unknown}
Potions
 f - a potion of cancellation
 i - 3 potions of lignification
 j - a potion of degeneration
 n - 2 potions of heal wounds
 s - 2 potions of flight
 u - a potion of ambrosia
 B - a potion of curing


   Skills:
 - Level 2.0 Fighting
 * Level 11.5 Staves
 - Level 1.7 Throwing
 - Level 2.6 Dodging
 - Level 3.0 Invocations


You had 8 spell levels left.
You didn't know any spells.
Your spell library was empty.

Dungeon Overview and Level Annotations

Branches:
Dungeon (8/15)             Temple (0/1) D:7
   Lair: D:8-11

Altars:
Ashenzari
Gozag
Kikubaaqudgha
Nemelex Xobeh
Okawaru
Sif Muna
Vehumet

Shops:
D:5 *


Innate Abilities, Weirdness & Mutations

You are completely covered in slimy green scales. (AC +4, rPois)
You have sharp toenails.
You are agile. (Dex +4, Str/Int -1)
You occasionally shout uncontrollably at your foes.


Message History

A two-headed ogre is nearby!
Throw: 2 throwing nets
Press: ? - help, Q - select action, (/) - cycle Shift-Dir - straight line, f - two-headed ogre
Aim: a two-headed ogre, wielding two +0 giant spiked clubs (76% to hit)
You throw a throwing net.
The throwing net barely misses the two-headed ogre.
Throw: throwing net
Press: ? - help, Q - select action, (/) - cycle Shift-Dir - straight line, f/p - two-headed ogre
Aim: a two-headed ogre, wielding two +0 giant spiked clubs (76% to hit)
You throw a throwing net.
The throwing net completely misses the two-headed ogre.
Throw: 3 javelins
Press: ? - help, Q - select action, (/) - cycle Shift-Dir - straight line, f/p - two-headed ogre
Aim: a two-headed ogre, wielding two +0 giant spiked clubs (76% to hit)
You throw a javelin.
The javelin pierces through the two-headed ogre.
The two-headed ogre is lightly wounded.
You hit the two-headed ogre.
The two-headed ogre is lightly wounded.
The two-headed ogre barely misses you.
The two-headed ogre completely misses you.
You barely miss the two-headed ogre.
The two-headed ogre is lightly wounded.
You sock the two-headed ogre!
The two-headed ogre is moderately wounded.
The two-headed ogre hits you with a +0 giant spiked club!
The two-headed ogre hits you with a +0 giant spiked club!!
* * * LOW HITPOINT WARNING * * *
You hit the two-headed ogre.
Lightning courses through the two-headed ogre!
The two-headed ogre is heavily wounded.
You barely miss the two-headed ogre.
The two-headed ogre is heavily wounded.
The two-headed ogre hits you with a +0 giant spiked club!
* * * LOW HITPOINT WARNING * * *
The two-headed ogre misses you.
Okay, then.
The two-headed ogre attacks as you move away!
The two-headed ogre hits you with a +0 giant spiked club!!
You die...

.# .# .# (# (# (#
##################.#####
.................O....>#
.#######.##.....@....#.#
.# #.##..........# .#
#.##........(.# .#
#.............# .#
###...........# .##
##..........# ..#
#.......)).# ..#####
#........).# ......#
#..........#


You could see a two-headed ogre.

Vanquished Creatures
  2 steam dragons
  2 water moccasins
  2 sky beasts (D:7)
  2 ice beasts
  A black bear (D:7)
  3 centaurs
  A kobold brigand (D:8)
  2 bullfrogs (D:7)
  2 scorpions
  A gnoll sergeant (D:7)
  4 wights (D:7)
  A jelly (D:5)
  4 hounds
  4 orc priests
  4 iguanas
  3 orc wizards
  A hound zombie (D:2)
  4 gnolls (D:7)
  4 adders
  A shadow imp (D:7)
  A white imp (D:5)
  3 worms
  20 orcs
  2 ball pythons
  4 endoplasms
  5 giant cockroaches
  4 hobgoblins
  3 jackals (D:2)
  12 kobolds
  2 quokkas (D:5)
  3 bats
  3 frilled lizards (D:2)
  A giant cockroach zombie (D:2)
  5 goblins
  2 rats (D:2)
118 creatures vanquished.

Vanquished Creatures (others)
  A withered plant (D:2)
1 creature vanquished.

Grand Total: 119 creatures vanquished

Notes
Turn   | Place    | Note
-------+----------+-------------------------------------------
     0 | D:1      | theswoord the Demonspawn Gladiator began the quest for the
                  | Orb.
     0 | D:1      | Reached XP level 1. HP: 16/16 MP: 1/1
   201 | D:1      | You fall into a shaft and drop 1 floor!
   217 | D:2      | Reached skill level 3 in Staves
   280 | D:2      | Gained mutation: You are partially covered in slimy green
                  | scales. (AC +2) [demonic ancestry]
   280 | D:2      | Reached XP level 2. HP: 19/22 MP: 2/2
   345 | D:2      | Reached skill level 4 in Staves
   345 | D:2      | Reached XP level 3. HP: 19/27 MP: 3/3
  1478 | D:3      | Found an iron altar of Okawaru.
  1557 | D:3      | Became a worshipper of Warmaster Okawaru
  2224 | D:3      | Reached XP level 4. HP: 33/33 MP: 4/4
  2472 | D:4      | Reached skill level 1 in Invocations
  2474 | D:4      | Found a shimmering blue altar of Sif Muna.
  2528 | D:3      | Reached skill level 5 in Staves
  2528 | D:3      | Gained mutation: You are mostly covered in slimy green
                  | scales. (AC +3) [demonic ancestry]
  2528 | D:3      | Reached XP level 5. HP: 33/38 MP: 4/6
  2637 | D:4      | Gained mutation: You have a pair of small antennae on your
                  | head. [potion of mutation]
  2637 | D:4      | Gained mutation: You occasionally shout uncontrollably at
                  | your foes. [potion of mutation]
  2637 | D:4      | Gained mutation: You passively map a small area around you.
                  | [potion of mutation]
  2637 | D:4      | Gained mutation: You are agile. (Dex +4, Str/Int -1)
                  | [potion of mutation]
  2693 | D:3      | Lost mutation: You have a pair of small antennae on your
                  | head. [potion of mutation]
  2693 | D:3      | Lost mutation: You passively map a small area around you.
                  | [potion of mutation]
  2693 | D:3      | Gained mutation: You have sharp toenails. [potion of
                  | mutation]
  3190 | D:4      | Found an ancient bone altar of Kikubaaqudgha.
  3307 | D:4      | Found a radiant altar of Vehumet.
  3606 | D:5      | Entered Level 5 of the Dungeon
  3772 | D:5      | Noticed an ice beast
  3785 | D:5      | Killed an ice beast
  3786 | D:5      | Reached skill level 6 in Staves
  3786 | D:5      | Reached XP level 6. HP: 35/44 MP: 8/8
  3853 | D:5      | Found a broken altar of Ashenzari.
  4395 | D:5      | Found Ommemas's Elemental Accessories.
  4494 | D:5      | Reached * piety under Okawaru
  4495 | D:5      | Reached XP level 7. HP: 37/50 MP: 9/9
  4841 | D:6      | Reached skill level 7 in Staves
  5512 | D:6      | Noticed a steam dragon
  5519 | D:6      | Killed a steam dragon
  5520 | D:6      | Reached skill level 8 in Staves
  5917 | D:6      | Found an opulent altar of Gozag.
  5917 | D:6      | Found a sparkling altar of Nemelex Xobeh.
  6151 | D:7      | Gained mutation: You are completely covered in slimy green
                  | scales. (AC +4, rPois) [demonic ancestry]
  6151 | D:7      | Reached XP level 8. HP: 40/56 MP: 10/10
  6247 | D:7      | Reached ** piety under Okawaru
  6248 | D:7      | Reached skill level 9 in Staves
  6555 | D:7      | Reached skill level 10 in Staves
  6783 | D:7      | Reached *** piety under Okawaru
  6998 | D:7      | Reached XP level 9. HP: 61/61 MP: 11/11
  7056 | D:7      | Received a gift from Okawaru
  7057 | D:7      | Reached skill level 11 in Staves
  7316 | D:7      | Found a staircase to the Ecumenical Temple.
  7909 | D:8      | Noticed a two-headed ogre
  7919 | D:8      | Demolished by a two-headed ogre

Skill      XL: |  1  2  3  4  5  6  7  8  9 |
---------------+----------------------------+-----
Staves         | 3 4 5 6 8 10 11 | 11.5
Invocations    | 1 3 |  3.0
Fighting       | |  2.0
Throwing       | |  1.7
Dodging        | |  2.6

Action                   |  1- 3 |  4- 6 |  7- 9 || total
-------------------------+-------+-------+-------++-------
Melee: Quarterstaff      |   112 |   123 |   163 ||   398
       Kick              |       |    24 |    30 ||    54
Throw: Throwing net      |     3 |       |     4 ||     7
       Javelin           |     1 |       |     1 ||     2
Invok: Heroism           |       |       |     1 ||     1
  Use: Potion            |       |     5 |       ||     5
       Scroll            |       |    11 |     7 ||    18
Armor: Leather armour    |    45 |       |       ||    45
       Acid dragon scale |     2 |    56 |    57 ||   115
Dodge: Dodged            |    95 |    78 |    94 ||   267

Levels and vault maps discovered:
D:1:      lemuel_arrival_funnel, layout_loops_ring,
          ebering_ecumenical_altar_ruins, minmay_misc_feat_plants,
          serial_bayou_lake_a
D:2:      layout_rooms, serial_undead, serial_undead_a, serial_undead_a,
          serial_undead_e, serial_undead_f
D:3:      layout_basic, mainiacjoe_overflow_alcove_2
D:4:      layout_cave_pools, vehumet_altar_wand_db, lemuel_tele_altar,
          old_standard_altar
D:5:      layout_loops_ring, mainiacjoe_overflow_24_doors,
          nicolae_elemental_shop, kennysheep_opposing_triangles
D:6:      layout_loops_cross, grunt_temple_overflow_opulence
D:7:      layout_rooms, minmay_temple_entry_poolview
D:8:      layout_basic
